 Dungeon Crawl Stone Soup version 0.22.1-6-g1668fe2 (webtiles) character file.

24915 dengdeng the Basher (level 12, 0/111 HPs)
             Began as a Minotaur Berserker on Jan 22, 2019.
             Was a High Priest of Trog.
             Slain by Rupert
             ... wielding a +0 battleaxe of flaming
              (2 damage)
             ... on level 13 of the Dungeon on Jan 23, 2019.
             The game lasted 01:15:04 (13141 turns).

dengdeng the Basher (Minotaur Berserker)           Turns: 13141, Time: 01:15:05

Health: 0/111      AC: 26    Str: 25    XL:     12   Next: 84%
Magic:  11/11      EV: 13    Int:  6    God:    Trog [*****.]
Gold:   648        SH: 18    Dex: 21    Spells: 11/11 levels left

rFire    . . .     SeeInvis .   s - +4 long sword (drain)
rCold    . . .     Gourm    .   W - +5 shield of Disaster {rElec Int+2 Dex+3 Stlth+}
rNeg     . . .     Faith    .   N - +5 crystal plate armour
rPois    .         Spirit   .   (helmet restricted)
rElec    +         Reflect  .   y - scarf {repulsion}
rCorr    .         Harm     .   r - +0 pair of gloves {archery}
MR       .....                  (no boots)
Stlth    ..........             C - amulet of regeneration
HPRegen  0.68/turn              B - +5 ring of evasion
MPRegen  0.12/turn              M - +6 ring of dexterity

@: studying 2 skills, repel missiles
A: retaliatory headbutt, horns 2
a: Berserk, Trog's Hand, Brothers in Arms, Renounce Religion


You were on level 13 of the Dungeon.
You worshipped Trog.
Trog was extremely pleased with you.
You were near starving.

You visited 1 branch of the dungeon, and saw 14 of its levels.
You visited 1 bazaar.
You also visited: Bailey.

You collected 958 gold pieces.
You spent 310 gold pieces at shops.

Inventory:

Hand Weapons
 b - a +7 great mace of holy wrath
 m - a +2 broad axe
 s - a +4 long sword of draining (weapon)
 t - a +1 quarterstaff of speed
 K - a +2 dire flail of draining
 Z - a +0 war axe of draining
Missiles
 e - 276 stones (quivered)
 j - 13 tomahawks
 F - 9 javelins
 L - 14 javelins of returning
 U - 2 poisoned javelins
Armour
 a - a +2 cloak
 r - a +0 pair of gloves of archery (worn)
 y - a scarf of repulsion (worn)
 N - a +5 crystal plate armour (worn)
 W - the +5 shield of Disaster (worn) {rElec Int+2 Dex+3 Stlth+}
   (You bought it in a shop in a bazaar)

   It affects your intelligence (+2).
   It affects your dexterity (+3).
   It insulates you from electricity.
   It makes you more stealthy.
Jewellery
 B - a +5 ring of evasion (left hand)
 C - an amulet of regeneration (around neck)
 E - a +3 ring of strength
 I - an uncursed ring of flight
 M - a +6 ring of dexterity (right hand)
Wands
 D - a wand of random effects (17)
 S - a wand of paralysis (14)
Scrolls
 g - a scroll of enchant armour
 h - 3 scrolls of immolation
 n - a scroll of fog
 q - 5 scrolls of teleportation
 v - 6 scrolls of identify
 w - 4 scrolls of fear
 A - 5 scrolls of amnesia {unknown}
 H - 2 scrolls of blinking {unknown}
 P - 3 scrolls of random uselessness {unknown}
 R - a scroll of vulnerability {unknown}
 T - 3 scrolls of remove curse
 V - 2 scrolls of enchant weapon {unknown}
Potions
 d - 2 potions of haste {unknown}
 f - a potion of magic {unknown}
 i - a potion of agility
 k - 3 potions of lignification {unknown}
 l - 6 potions of curing {unknown}
 o - 3 potions of flight {unknown}
 p - 2 potions of resistance {unknown}
 u - a potion of berserk rage {unknown}
 x - 6 potions of heal wounds
 z - 3 potions of brilliance {unknown}
 G - 2 potions of might {unknown}
 J - a potion of degeneration {unknown}
Books
 O - a manual of Shields
 Q - a manual of Fighting
Comestibles
 c - 12 rations
 X - 6 chunks of flesh


   Skills:
 + Level 11.7 Fighting
   Level 3.2(5.2) Short Blades
 * Level 6.9(7.3) Long Blades
 - Level 11.2(13.6) Axes
 - Level 12.9(14.4) Maces & Flails
 + Level 5.2 Throwing
 + Level 9.2 Armour
 + Level 6.6 Dodging
 + Level 2.5 Stealth
 + Level 10.0 Shields
 + Level 0.7 Unarmed Combat


You had 11 spell levels left.
You didn't know any spells.
Your spell library was empty.

Dungeon Overview and Level Annotations

Branches:
Dungeon (14/15) Temple (0/1) D:7 Lair (0/6) D:9 Orc (0/2) D:9 Vaults (0/5) D:13 D:14

Altars:
Ashenzari
Dithmenos
Elyvilon
Fedhas
Hepliaklqana
Ru
Sif Muna
Trog
Wu Jian
Zin
The Shining One

Shops:
D:12 }

Annotations:
D:13 Rupert


Innate Abilities, Weirdness & Mutations

You reflexively headbutt those who attack you in melee.
You have a pair of horns on your head.


Message History

The centaur warrior hits you but does no damage.
Your shield and crystal plate armour prevent you from hitting Rupert.
Rupert is lightly wounded.
Rupert hits you with a battleaxe of flaming!
* * * LOW HITPOINT WARNING * * *
Rupert burns you.
* * * LOW HITPOINT WARNING * * *
The human closely misses you. You block the centaur warrior's attack.
You block the human's attack. Rupert closely misses you.
You slash Rupert! You headbutt Rupert.
Rupert is moderately wounded.
You block the centaur warrior's attack. The human barely misses you.
You riposte.
You hit the human. You drain the human! You headbutt the human!
The human is severely wounded.
The human hits you.
* * * LOW HITPOINT WARNING * * *
Rupert hits you with a battleaxe of flaming.
* * * LOW HITPOINT WARNING * * *
Rupert burns you.
You die...

###### #....# #....#
#....# #######....##
#.pp@.......#########
#.##@c...............
#.##p##...........##.
#.##p##.....#####.##.
#.##..........)......
#.##..#.###.#####.###
#############.###.#.#
#.# #.# #
.....†........# #[#.#
#.#####.#
.################.#.#
#.#.....#
.............#....#.#
#.#.#######


You could see Rupert (berserk), a centaur warrior and 4 humans.

Vanquished Creatures
  Snorg (D:11)
  Erolcha (D:11)
  2 hydras
  A centaur warrior (D:13)
  4 two-headed ogres
  Urug (D:12)
  An unseen horror (D:12)
  The ghost of bmj180 the Slasher, a novice MiFi of Zin (D:5)
  2 deep elf magi
  A wolf spider zombie (D:13)
  A manticore (D:13)
  A cyclops (D:13)
  4 ugly things
  Maurice (D:11)
  Psyche (D:11)
  A gargoyle (D:13)
  A komodo dragon (D:9)
  The ghost of Lucio the Destroyer, a novice DECj of Nemelex Xobeh (D:6)
  Prince Ribbit (D:5)
  Grinder (D:6)
  A troll (D:9)
  A hippogriff (D:13)
  A shadow (D:12)
  A wraith (D:12)
  A vampire (D:13)
  7 yaks
  2 hogs (D:13)
  3 hungry ghosts
  8 humans (D:13)
  2 vampire mosquitoes (D:11)
  Edmund (D:6)
  Menkaure (D:6)
  2 soldier ants
  An acid dragon (D:11)
  7 sky beasts
  2 ice beasts
  2 phantoms
  13 orc warriors
  4 ogres
  3 black bears
  13 centaurs
  2 big kobolds
  8 bullfrogs
  Blork the orc (D:5)
  A wyvern zombie (D:12)
  3 scorpions
  5 killer bees (D:13)
  A howler monkey (D:10)
  7 crimson imps
  4 centaur zombies
  6 quasits
  3 bullfrog zombies
  A hound (D:5)
  5 orc wizards
  2 jellies
  4 orc priests
  5 bullfrog skeletons
  Jessica (D:3)
  5 iguanas
  Natasha (thrice) (D:2)
  2 worker ants
  A hound skeleton (D:7)
  A worker ant zombie (D:5)
  Robin (D:2)
  6 gnolls
  A howler monkey skeleton (D:5)
  7 adders
  4 shadow imps
  2 oozes
  2 adder skeletons
  2 worms
  4 dart slugs
  2 leopard geckos (D:3)
  59 orcs
  8 giant cockroaches
  17 goblins
  12 hobgoblins
  11 jackals
  6 quokkas
  3 ball pythons
  9 bats
  5 frilled lizards
  A jackal skeleton (D:5)
  20 kobolds
  A quokka zombie (D:10)
  5 rats
363 creatures vanquished.

Vanquished Creatures (others)
  2 plants (D:9)
2 creatures vanquished.

Grand Total: 365 creatures vanquished

Notes
Turn   | Place    | Note
-------+----------+-------------------------------------------
     0 | D:1      | dengdeng the Minotaur Berserker began the quest for the
                  | Orb.
     0 | D:1      | Reached XP level 1. HP: 19/19 MP: 0/0
   340 | D:1      | Reached XP level 2. HP: 23/27 MP: 1/1
   810 | D:1      | Reached XP level 3. HP: 26/33 MP: 2/2
  1151 | D:2      | Reached ** piety under Trog
  1348 | D:2      | Noticed Robin
  1363 | D:2      | Killed Robin
  1363 | D:2      | Reached skill level 5 in Axes
  1363 | D:2      | Reached XP level 4. HP: 40/40 MP: 3/3
  1784 | D:2      | Noticed Natasha
  1794 | D:2      | Killed Natasha
  2298 | D:2      | Noticed Natasha
  2302 | D:2      | Killed Natasha
  2302 | D:2      | Reached XP level 5. HP: 38/47 MP: 4/4
  2335 | D:2      | Noticed Natasha
  2343 | D:2      | Killed Natasha
  3021 | D:3      | Reached *** piety under Trog
  3391 | D:3      | Noticed Jessica
  3398 | D:3      | Killed Jessica
  3398 | D:3      | Reached skill level 1 in Maces & Flails
  3536 | D:4      | Noticed a phantom
  3550 | D:4      | Reached XP level 6. HP: 22/55 MP: 5/5
  3556 | D:4      | Reached skill level 5 in Fighting
  3839 | D:4      | Reached skill level 2 in Maces & Flails
  3946 | D:4      | Found a white marble altar of Elyvilon.
  4005 | D:4      | Reached XP level 7. HP: 53/61 MP: 6/6
  4017 | D:4      | Reached skill level 3 in Maces & Flails
  4178 | D:4      | Reached skill level 1 in Stealth
  4378 | D:4      | Found a sacrificial altar of Ru.
  4378 | D:4      | Found a faded altar of an unknown god.
  4384 | D:4      | Found a glowing silver altar of Zin.
  4391 | D:4      | Found a hazy altar of Hepliaklqana.
  4392 | D:4      | Found a bloodstained altar of Trog.
  4515 | D:5      | Entered Level 5 of the Dungeon
  4606 | D:5      | Reached skill level 4 in Maces & Flails
  4640 | D:5      | Reached skill level 1 in Shields
  4678 | D:5      | Noticed Prince Ribbit
  4686 | D:5      | Killed Prince Ribbit
  4686 | D:5      | Reached skill level 5 in Maces & Flails
  4686 | D:5      | Reached XP level 8. HP: 70/70 MP: 7/7
  4751 | D:5      | Noticed Blork the orc
  4760 | D:5      | Killed Blork the orc
  5004 | D:5      | Reached skill level 6 in Maces & Flails
  5159 | D:5      | Found a runed door.
  5159 | D:5      | Noticed bmj180's ghost (novice MiFi)
  5199 | D:5      | Killed bmj180's ghost
  5199 | D:5      | Reached skill level 7 in Maces & Flails
  5362 | D:6      | Found a shattered altar of Ashenzari.
  5379 | D:6      | Noticed Menkaure
  5388 | D:6      | Killed Menkaure
  5388 | D:6      | Reached XP level 9. HP: 33/78 MP: 8/8
  5473 | D:6      | Noticed Grinder
  5480 | D:6      | Paralysed by Grinder for 7 turns
  5488 | D:6      | Reached **** piety under Trog
  5490 | D:6      | Killed Grinder
  5624 | D:6      | Found a transporter.
  5631 | D:6      | Noticed Lucio's ghost (novice DECj)
  5644 | D:6      | Found a transporter.
  5767 | D:6      | Noticed Edmund
  5775 | D:6      | Killed Edmund
  5775 | D:6      | Reached skill level 8 in Maces & Flails
  5775 | D:6      | Reached skill level 5 in Dodging
  5893 | D:6      | Found a blossoming altar of Fedhas.
  5896 | D:6      | Found a deep blue altar of Sif Muna.
  5899 | D:6      | Found a shadowy altar of Dithmenos.
  5969 | D:6      | Killed Lucio's ghost
  6486 | D:7      | Found a staircase to the Ecumenical Temple.
  6819 | D:8      | Reached skill level 9 in Maces & Flails
  6963 | D:8      | Reached skill level 1 in Short Blades
  6993 | D:8      | Found a glowing golden altar of the Shining One.
  7319 | D:8      | Reached XP level 10. HP: 80/86 MP: 9/9
  7892 | D:9      | Found a staircase to the Orcish Mines.
  8299 | D:9      | Found a staircase to the Lair.
  8399 | D:10     | Entered Level 10 of the Dungeon
  8405 | D:10     | Reached skill level 5 in Armour
  8545 | D:10     | Reached ***** piety under Trog
  8596 | D:10     | Noticed a two-headed ogre
  8605 | D:10     | Killed a two-headed ogre
  8605 | D:10     | Reached skill level 10 in Maces & Flails
  8701 | D:10     | Noticed a two-headed ogre
  8707 | D:10     | Killed a two-headed ogre
  8815 | D:10     | Found a flagged portal.
  8820 | Bailey   | Entered a bailey
  8962 | Bailey   | Reached skill level 1 in Throwing
  9444 | Bailey   | Received a gift from Trog
  9480 | Bailey   | Reached skill level 11 in Maces & Flails
  9695 | Bailey   | Reached XP level 11. HP: 95/95 MP: 10/10
 10573 | D:11     | Noticed Erolcha
 10581 | D:11     | Noticed Snorg
 10591 | D:11     | Killed Erolcha
 10591 | D:11     | Received a gift from Trog
 10595 | D:11     | Killed Snorg
 10618 | D:11     | Found a flickering gateway to a bazaar.
 10628 | Bazaar   | Entered a bazaar
 10689 | Bazaar   | Found Hecyn's General Store.
 10689 | Bazaar   | Found Naojouwyo's Food Emporium.
 10710 | Bazaar   | Found Morchiu's Gadget Shoppe.
 10710 | Bazaar   | Found Assog's Book Emporium.
 10731 | Bazaar   | Found Tobiuhodd's Antique Armour Shoppe.
 10731 | Bazaar   | Found Heumilukk's Jewellery Emporium.
 10806 | Bazaar   | Bought a scroll of enchant armour for 90 gold pieces
 10873 | Bazaar   | Bought a pair of runed gloves for 97 gold pieces
 10873 | Bazaar   | Bought a jewelled shield for 123 gold pieces
 10884 | Bazaar   | Identified the +5 shield of Disaster {rElec Int+2 Dex+3
                  | Stlth+} (You bought it in a shop in a bazaar)
 10954 | D:11     | Noticed Maurice
 10966 | D:11     | Killed Maurice
 10966 | D:11     | Reached skill level 5 in Throwing
 11026 | D:11     | Noticed a red ugly thing
 11027 | D:11     | Noticed Psyche
 11046 | D:11     | Killed Psyche
 11047 | D:11     | Reached skill level 5 in Shields
 11053 | D:11     | Killed a red ugly thing
 11053 | D:11     | Reached skill level 10 in Axes
 11069 | D:11     | Found an ornate altar of the Wu Jian Council.
 11156 | D:11     | Noticed a green ugly thing
 11164 | D:11     | Killed a green ugly thing
 11164 | D:11     | Reached skill level 10 in Fighting
 11180 | D:11     | Noticed a five-headed hydra
 11189 | D:11     | Killed an 11-headed hydra
 11193 | D:11     | Identified a scroll of acquirement
 11506 | D:12     | Found a bloodstained altar of Trog.
 11515 | D:12     | Noticed a two-headed ogre
 11519 | D:12     | Noticed Urug
 11520 | D:12     | Killed a two-headed ogre
 11538 | D:12     | Killed Urug
 11546 | D:12     | Killed an unseen horror
 11546 | D:12     | Reached XP level 12. HP: 79/107 MP: 11/11
 11763 | D:12     | Reached skill level 12 in Maces & Flails
 11809 | D:12     | Noticed a two-headed ogre
 11817 | D:12     | Killed a two-headed ogre
 12118 | D:12     | Found Xengi's Gadget Emporium.
 12258 | D:13     | Reached skill level 1 in Long Blades
 12324 | D:13     | Noticed a centaur warrior
 12336 | D:13     | Killed a centaur warrior
 12828 | D:13     | Reached skill level 5 in Long Blades
 12862 | D:13     | Noticed a six-headed hydra
 12877 | D:13     | Killed a 14-headed hydra
 13082 | D:14     | Found a gate to the Vaults.
 13082 | D:14     | Noticed a centaur warrior
 13082 | D:14     | Noticed a centaur warrior
 13082 | D:14     | Noticed Rupert
 13106 | D:13     | Received a gift from Trog
 13130 | D:13     | Paralysed by Rupert for 4 turns
 13134 | D:13     | Reached skill level 10 in Shields
 13141 | D:13     | HP: 2/111 [Rupert/battleaxe of flaming (5)]
 13141 | D:13     | Slain by Rupert

Skill      XL: |  1  2  3  4  5  6  7  8  9 10 11 12 |
---------------+-------------------------------------+-----
Axes           | 4 5 6 7 8 9 11 | 11.2
Fighting       | 4 5 6 7 8 10 11 | 11.7
Dodging        | 3 4 6 |  6.6
Maces & Flails | 1 2 5 7 9 11 12 | 12.9
Armour         | 3 4 6 8 9 |  9.2
Stealth        | 1 2 |  2.5
Shields        | 1 2 4 6 10 | 10.0
Short Blades   | 2 3 |  3.2
Throwing       | 2 5 |  5.2
Long Blades    | 6 |  6.9
Unarmed Combat | |  0.7

Action                   |  1- 3 |  4- 6 |  7- 9 | 10-12 || total
-------------------------+-------+-------+-------+-------++-------
Melee: Hand axe          |    82 |     5 |       |     7 ||    94
       Headbutt          |    14 |    16 |    64 |   169 ||   263
       War axe           |       |    38 |       |    42 ||    80
       Whip              |       |    90 |   159 |       ||   249
       Unarmed           |       |     4 |       |       ||     4
       Short sword       |       |       |    90 |    37 ||   127
       Dire flail        |       |       |    32 |   273 ||   305
       Great mace        |       |       |       |    81 ||    81
       Long sword        |       |       |       |   175 ||   175
Throw: Stone             |       |       |       |   165 ||   165
       Tomahawk          |       |       |       |    14 ||    14
       Javelin           |       |       |       |    12 ||    12
Invok: Berserk           |     1 |       |     4 |     2 ||     7
       Trog's Hand       |       |     2 |     7 |     5 ||    14
  Use: Scroll            |     2 |     5 |       |    14 ||    21
 Stab: Sleeping          |       |       |     3 |       ||     3
       Distracted        |       |       |     1 |       ||     1
  Eat: Chunk             |     1 |    10 |     6 |    22 ||    39
       Ration            |       |       |     3 |     2 ||     5
Armor: Animal skin       |     2 |       |       |       ||     2
       Leather armour    |    14 |    19 |    40 |     2 ||    75
       Ring mail         |       |     1 |       |       ||     1
       Skin              |       |     1 |       |       ||     1
       Plate armour      |       |       |       |   140 ||   140
       Crystal plate arm |       |       |       |   298 ||   298
Dodge: Dodged            |    51 |    84 |   155 |   592 ||   882
       Deflected         |       |       |     3 |    47 ||    50
Block: Shield            |       |     2 |    84 |   325 ||   411
       Rpst.: Long sword |       |       |       |    22 ||    22
